[Event "45th FIDE Olympiad 2024"]
[Site "Budapest"]
[Date "2024.09.15"]
[Round "5.240"]
[White "Nean, Franck Anderson"]
[Black "Teerapabpaisit, Wisuwat"]
[Result "0-1"]
[ECO "E73"]
[WhiteElo "1917"]
[BlackElo "2070"]
[PlyCount "104"]
[EventDate "2024.09.05"]
[EventType "team-tourn"]
[EventCountry "HUN"]
[WhiteTeam "Cote d/^Ivoire"]
[BlackTeam "Thailand"]
[BlackTeamCountry "THA"]
[TimeControl "40/5400+30:1800+30"]

1. d4 Nf6 2. c4 g6 3. Nc3 Bg7 4. e4 d6 5. Be2 Nbd7 6. Be3 c5 7. d5 Qa5 8. Bd2 a6 9. g4 h6 10. h4 Ne5 11. f3 Rb8 12. a3 Qc7 13. Nh3 Bd7 14. a4 Bc8 15. Nf2 Ned7 16. f4 e6 17. Rc1 exd5 18. cxd5 c4 19. Bxc4 Qxc4 20. Nb5 axb5 21. Rxc4 bxc4 22. Bb4 Nc5 23. Bxc5 dxc5 24. e5 Nd7 25. Ne4 O-O 26. Nd6 Nxe5 27. fxe5 Bxe5 28. Nxc4 Bd4 29. Kd2 b5 30. axb5 Rxb5 31. b3 Rd8 32. d6 Be6 33. Qf3 Bxc4 34. bxc4 Rb2+ 35. Kc1 Rxd6 36. Rf1 Rd7 37. Rd1 Rdb7 38. Qe4 Bf6 39. Rd6 Bxh4 40. Rxg6+ Kf8 41. Qf5 Bf2 42. Qc8+ Ke7 43. Rc6 Be3+ 44. Kd1 Rd2+ 45. Kc1 Rd8+ 46. Kc2 Rxc8 47. Rxc8 Rd7 48. Kb3 Rd1 49. Ka4 Rb1 50. Rc7+ Ke8 51. Rc8+ Kd7 52. Rf8 Ke7 {0-} 0-1

[Event "45th FIDE Olympiad 2024"]
[Site "Budapest"]
[Date "2024.09.15"]
[Round "5.241"]
[White "Sanchez Alvarez, Roberto Carlos"]
[Black "Liyanage, Ranindu Dilshan"]
[Result "1-0"]
[ECO "D31"]
[WhiteElo "2376"]
[BlackElo "2366"]
[PlyCount "51"]
[EventDate "2024.09.05"]
[EventType "team-tourn"]
[EventCountry "HUN"]
[WhiteTeam "Panama"]
[BlackTeam "Sri Lanka"]
[WhiteTeamCountry "PAN"]
[BlackTeamCountry "SRI"]
[TimeControl "40/5400+30:1800+30"]

1. d4 d5 2. c4 e6 3. Nc3 a6 4. cxd5 exd5 5. Bf4 Nf6 6. e3 c5 7. Nge2 Nc6 8. g3 Bg4 9. Bg2 cxd4 10. exd4 Be7 11. O-O O-O 12. Re1 Qd7 13. Be5 Rad8 14. Qb3 Na5 15. Qc2 Bf5 16. Qc1 Ne4 17. Nf4 Bg5 18. Ncxd5 Nd6 19. h4 Bxf4 20. Qxf4 Nac4 21. Qg5 f6 22. Nxf6+ Rxf6 23. Bd5+ Re6 24. Bxd6 Kh8 25. Bxe6 Bxe6 26. Rxe6 1-0

[Event "45th FIDE Olympiad 2024"]
[Site "Budapest"]
[Date "2024.09.15"]
[Round "5.242"]
[White "Amarathunga, Kosala Sandeepa Cham"]
[Black "Delgado Rosas, Alex Antonio"]
[Result "1/2-1/2"]
[ECO "A01"]
[WhiteElo "1956"]
[BlackElo "2157"]
[PlyCount "171"]
[EventDate "2024.09.05"]
[EventType "team-tourn"]
[EventCountry "HUN"]
[WhiteTeam "Sri Lanka"]
[BlackTeam "Panama"]
[WhiteTeamCountry "SRI"]
[BlackTeamCountry "PAN"]
[TimeControl "40/5400+30:1800+30"]

1. b3 d5 2. Bb2 Bf5 3. d3 e6 4. Nd2 Nf6 5. g3 h6 6. Bg2 Be7 7. e4 Bh7 8. Qe2 O-O 9. Ngf3 c5 10. O-O Nc6 11. a3 Rc8 12. Rae1 Nd4 13. Nxd4 cxd4 14. e5 Nd7 15. Nf3 Bc5 16. b4 Bb6 17. Bxd4 Bxd4 18. Nxd4 Qb6 19. Qe3 Rc3 20. f4 Nb8 21. b5 Rxa3 22. g4 Ra4 23. c3 Rc8 24. Rc1 Ra3 25. f5 Nd7 26. fxe6 fxe6 27. Kh1 Bg6 28. Qd2 Nxe5 29. Rfe1 Nxd3 30. Rxe6 Qc5 31. Rxg6 Qxd4 32. cxd4 Rxc1+ 33. Qxc1 Nxc1 34. Bxd5+ Kf8 35. Bxb7 Ne2 36. Rc6 Nxd4 37. Rc8+ Ke7 38. Rc7+ Kf6 39. Rc5 g6 40. Kg1 Ra2 41. h3 Rb2 42. Bc6 Ne6 43. Rc3 Kg5 44. Bd7 Nd4 45. Rd3 Ne2+ 46. Kf1 Nf4 47. Ra3 Kh4 48. Ra4 g5 49. Ra6 Nd3 50. Bf5 Ne5 51. Rxh6+ Kg3 52. Ke1 Rxb5 53. Ra6 Rb7 54. Ra3+ Kh4 55. Kf2 Rb2+ 56. Ke1 Nc6 57. Ra6 Rb6 58. Ra3 a6 59. Bd3 Nb4 60. Kf1 Nxd3 61. Rxd3 Rb1+ 62. Kg2 Rb2+ 63. Kg1 Ra2 64. Re3 a5 65. Rd3 a4 66. Re3 Rb2 67. Ra3 Rb3 68. Rxa4 Kxh3 69. Kf2 Rb2+ 70. Kf3 Rb8 71. Kf2 Rf8+ 72. Kg1 Kg3 73. Ra2 Kxg4 74. Rg2+ Kh5 75. Rh2+ Kg6 76. Ra2 Rb8 77. Kg2 Kh5 78. Rc2 Rb3 79. Rc7 Kh4 80. Rc4+ Kh5 81. Rc7 Rb2+ 82. Kg3 Rb3+ 83. Kg2 Re3 84. Rc8 Kg4 85. Rc4+ Kf5 86. Rc5+ 1/2-1/2

[Event "45th FIDE Olympiad 2024"]
[Site "Budapest"]
[Date "2024.09.15"]
[Round "5.243"]
[White "Mendez Machado, Andre"]
[Black "Kodithuwakku, K K Dinujaya"]
[Result "1-0"]
[ECO "C55"]
[WhiteElo "2122"]
[BlackElo "1827"]
[PlyCount "121"]
[EventDate "2024.09.05"]
[EventType "team-tourn"]
[EventCountry "HUN"]
[WhiteTeam "Panama"]
[BlackTeam "Sri Lanka"]
[WhiteTeamCountry "PAN"]
[BlackTeamCountry "SRI"]
[TimeControl "40/5400+30:1800+30"]

1. e4 e5 2. Nf3 Nc6 3. Bc4 Nf6 4. d3 h6 5. c3 d6 6. O-O g5 7. Nbd2 Bg7 8. Bb3 O-O 9. Nc4 Ne7 10. Re1 b5 11. Ne3 Bb7 12. a4 a6 13. Bc2 d5 14. exd5 Nfxd5 15. Nxd5 Nxd5 16. Nxe5 Qd6 17. d4 Rae8 18. Nd3 Rxe1+ 19. Qxe1 Qc6 20. axb5 axb5 21. Qf1 b4 22. Ba4 Qd6 23. Nc5 Ba8 24. Bd2 bxc3 25. bxc3 Nf4 26. Bxf4 Qxf4 27. Qd3 Qd6 28. Bc2 Rd8 29. Re1 Qd5 30. Qf1 Qa2 31. Qe2 Qd5 32. Be4 Qd6 33. Bxa8 Rxa8 34. h3 Qd5 35. Qe7 Qc4 36. Ne4 Ra6 37. Qe8+ Kh7 38. Qd7 Kg6 39. Ng3 Rf6 40. Re3 Qa2 41. f3 Qb1+ 42. Kh2 Qc1 43. Qe7 h5 44. Qe4+ Kh6 45. Qd3 h4 46. Ne4 Re6 47. Nf2 Bf8 48. Rxe6+ fxe6 49. Ng4+ Kg7 50. Ne5 Bd6 51. Qg6+ Kh8 52. Qh6+ Kg8 53. Qxe6+ Kh7 54. Qf7+ Kh8 55. f4 Qxf4+ 56. Qxf4 gxf4 57. Nf7+ Kg7 58. Nxd6 cxd6 59. c4 Kf6 60. Kg1 Kf5 61. Kf2 1-0

[Event "45th FIDE Olympiad 2024"]
[Site "Budapest"]
[Date "2024.09.15"]
[Round "5.244"]
[White "Bandara, Dhanushka"]
[Black "Schnell, Sebastian Narayana"]
[Result "1-0"]
[ECO "B13"]
[WhiteElo "1903"]
[BlackElo "2059"]
[PlyCount "85"]
[EventDate "2024.09.05"]
[EventType "team-tourn"]
[EventCountry "HUN"]
[WhiteTeam "Sri Lanka"]
[BlackTeam "Panama"]
[WhiteTeamCountry "SRI"]
[BlackTeamCountry "PAN"]
[TimeControl "40/5400+30:1800+30"]

1. e4 c6 2. d4 d5 3. exd5 cxd5 4. Bd3 Nf6 5. h3 Nc6 6. c3 g6 7. Qc2 Bg7 8. Bf4 O-O 9. Nf3 Re8 10. O-O Nh5 11. Bg5 Qc7 12. Re1 Bd7 13. Qd2 e5 14. dxe5 Nxe5 15. Nxe5 Bxe5 16. Na3 Bf4 17. Bxf4 Qxf4 18. Qxf4 Nxf4 19. Bf1 a6 20. Nc2 Bf5 21. Ne3 Be6 22. Rad1 Red8 23. Rd4 Nh5 24. Red1 b5 25. Nxd5 Bxd5 26. Rxd5 Rxd5 27. Rxd5 Nf4 28. Rd6 Kf8 29. c4 Ke7 30. Rb6 Rc8 31. g3 Ne6 32. cxb5 axb5 33. Rxb5 Rc1 34. Rb7+ Kf6 35. Kg2 Ng5 36. Bd3 Rd1 37. Bc4 Rd2 38. a4 Ne4 39. Rxf7+ Ke5 40. b3 Ra2 41. h4 h5 42. Bd3 Ke6 43. Rf4 1-0

[Event "45th FIDE Olympiad 2024"]
[Site "Budapest"]
[Date "2024.09.15"]
[Round "5.245"]
[White "Chinchilla, Alejandro Jose"]
[Black "Siddharth, Jagadeesh"]
[Result "0-1"]
[ECO "B12"]
[WhiteElo "2113"]
[BlackElo "2514"]
[PlyCount "68"]
[EventDate "2024.09.05"]
[EventType "team-tourn"]
[EventCountry "HUN"]
[WhiteTeam "Honduras"]
[BlackTeam "Singapore"]
[WhiteTeamCountry "HON"]
[BlackTeamCountry "SIN"]
[TimeControl "40/5400+30:1800+30"]

1. e4 c6 2. d4 d5 3. e5 Bf5 4. Nf3 e6 5. Be2 Nd7 6. O-O a5 7. a4 f6 8. c4 fxe5 9. dxe5 Bc5 10. cxd5 cxd5 11. Nd4 Ne7 12. g4 Bxd4 13. Qxd4 Nc6 14. Qe3 Bg6 15. f4 O-O 16. Bd2 d4 17. Qh3 Qb6 18. Bc4 Ncxe5 19. fxe5 Nxe5 20. Na3 Qxb2 21. Bxe6+ Kh8 22. Ra2 Rxf1+ 23. Qxf1 Qb6 24. Bd5 Nxg4 25. Qb5 Qf6 26. Qf1 Qe5 27. Qg2 Ne3 28. Bxe3 dxe3 29. Nc4 Qd4 30. Nxe3 Qxe3+ 31. Kh1 Qe1+ 32. Qg1 Be4+ 33. Bxe4 Qxe4+ 34. Qg2 Qb1+ {0-} 0-1

[Event "45th FIDE Olympiad 2024"]
[Site "Budapest"]
[Date "2024.09.15"]
[Round "5.246"]
[White "Wong, Zhenyong Jayden"]
[Black "Gavarrete, Joel"]
[Result "1-0"]
[ECO "E09"]
[WhiteElo "2397"]
[BlackElo "2059"]
[PlyCount "49"]
[EventDate "2024.09.05"]
[EventType "team-tourn"]
[EventCountry "HUN"]
[WhiteTeam "Singapore"]
[BlackTeam "Honduras"]
[WhiteTeamCountry "SIN"]
[BlackTeamCountry "HON"]
[TimeControl "40/5400+30:1800+30"]

1. d4 Nf6 2. c4 e6 3. Nf3 d5 4. g3 Be7 5. Bg2 O-O 6. O-O c6 7. Qc2 Nbd7 8. Nbd2 b6 9. e4 dxe4 10. Nxe4 Nxe4 11. Qxe4 Ba6 12. b3 Rc8 13. Rd1 Re8 14. Bf4 Bf6 15. Rac1 c5 16. dxc5 e5 17. Be3 bxc5 18. Rd6 Re6 19. Rcd1 Rc7 20. Rxe6 fxe6 21. Nxe5 Bb7 22. Qg4 Bxe5 23. Qxe6+ Kh8 24. Bxb7 Rxb7 25. Qxe5 1-0

[Event "45th FIDE Olympiad 2024"]
[Site "Budapest"]
[Date "2024.09.15"]
[Round "5.247"]
[White "Soliz Gabarrete, Luis Fernando"]
[Black "Goh, Wei Ming Kevin"]
[Result "0-1"]
[ECO "B50"]
[WhiteElo "1920"]
[BlackElo "2449"]
[PlyCount "68"]
[EventDate "2024.09.05"]
[EventType "team-tourn"]
[EventCountry "HUN"]
[WhiteTeam "Honduras"]
[BlackTeam "Singapore"]
[WhiteTeamCountry "HON"]
[BlackTeamCountry "SIN"]
[TimeControl "40/5400+30:1800+30"]

1. e4 c5 2. Nf3 d6 3. c3 Nf6 4. h3 Bd7 5. Bd3 Bc6 6. Qe2 Nbd7 7. Bc2 Ne5 8. d4 Nxf3+ 9. Qxf3 e6 10. O-O Be7 11. Rd1 Qc8 12. d5 Bd7 13. dxe6 Bxe6 14. Ba4+ Nd7 15. Bf4 Qc7 16. Qg3 O-O-O 17. Bxd6 Bxd6 18. Qxd6 Qxd6 19. Rxd6 Ne5 20. Rxd8+ Rxd8 21. Bc2 Nd3 22. b3 Nf4 23. Kf1 b5 24. Na3 b4 25. cxb4 cxb4 26. Nc4 Bxc4+ 27. bxc4 Rd2 28. Bb3 a5 29. Rd1 Rxd1+ 30. Bxd1 Kc7 31. g3 Nd3 32. Ba4 Nc1 33. Bb3 Nxb3 34. axb3 a4 {0-} 0-1

[Event "45th FIDE Olympiad 2024"]
[Site "Budapest"]
[Date "2024.09.15"]
[Round "5.248"]
[White "Chia, Yu Zhe Ashton"]
[Black "Zuniga Garcia, German"]
[Result "1/2-1/2"]
[ECO "B23"]
[WhiteElo "2224"]
[BlackElo "1877"]
[PlyCount "89"]
[EventDate "2024.09.05"]
[EventType "team-tourn"]
[EventCountry "HUN"]
[WhiteTeam "Singapore"]
[BlackTeam "Honduras"]
[WhiteTeamCountry "SIN"]
[BlackTeamCountry "HON"]
[TimeControl "40/5400+30:1800+30"]

1. e4 c5 2. Nc3 e6 3. d4 cxd4 4. Qxd4 Nc6 5. Qe3 Nge7 6. Qg3 d5 7. Bf4 dxe4 8. Rd1 Qa5 9. Bc7 Nf5 10. Bxa5 Nxg3 11. hxg3 Nxa5 12. Bb5+ Ke7 13. Nxe4 a6 14. Be2 g6 15. c3 Bg7 16. f4 b5 17. Kf2 Bb7 18. Nc5 Bd5 19. Bf3 Nc4 20. Bxd5 exd5 21. b3 Nd6 22. Rxd5 Rac8 23. Nf3 Bxc3 24. Rhd1 Rhd8 25. Ke2 a5 26. Ng5 h6 27. Nge4 Nxe4 28. Nxe4 Rxd5 29. Rxd5 Bb4 30. Re5+ Kf8 31. a3 Bxa3 32. Rxb5 Bb4 33. g4 Rc2+ 34. Kf3 Rb2 35. Nf6 Rxb3+ 36. Ke4 a4 37. Rb8+ Kg7 38. Ne8+ Kf8 39. Nf6+ Kg7 40. Ne8+ Kf8 41. Nf6+ Kg7 42. Ne8+ Kf8 43. Nf6+ Kg7 44. Ne8+ Kf8 45. Nf6+ 1/2-1/2

[Event "45th FIDE Olympiad 2024"]
[Site "Budapest"]
[Date "2024.09.15"]
[Round "5.249"]
[White "Cori, Jorge"]
[Black "Aziz, Husain"]
[Result "1/2-1/2"]
[ECO "B14"]
[WhiteElo "2609"]
[BlackElo "2340"]
[PlyCount "66"]
[EventDate "2024.09.05"]
[EventType "team-tourn"]
[EventCountry "HUN"]
[WhiteTeam "Peru"]
[BlackTeam "Qatar"]
[WhiteTeamCountry "PER"]
[BlackTeamCountry "QAT"]
[TimeControl "40/5400+30:1800+30"]

1. c4 e6 2. Nf3 d5 3. e3 Nf6 4. Nc3 c5 5. cxd5 exd5 6. d4 Nc6 7. Bb5 cxd4 8. exd4 Be7 9. Bxc6+ bxc6 10. Ne5 O-O 11. O-O Bb7 12. Be3 Nd7 13. Nxd7 Qxd7 14. Rc1 Bd6 15. Na4 Qf5 16. Nc5 Bc8 17. Qd2 h5 18. Nd3 Ba6 19. Rfd1 Bxd3 20. Qxd3 Qxd3 21. Rxd3 Rfc8 22. Rdc3 Rab8 23. Rxc6 Rxc6 24. Rxc6 Rxb2 25. g4 Bb4 26. Ra6 hxg4 27. Rxa7 Bd2 28. a4 Bxe3 29. fxe3 Re2 30. Ra8+ Kh7 31. Re8 Ra2 32. Ra8 Re2 33. Re8 Ra2 1/2-1/2

[Event "45th FIDE Olympiad 2024"]
[Site "Budapest"]
[Date "2024.09.15"]
[Round "5.250"]
[White "Erfan, Mohamad Firdaus"]
[Black "Leiva, Gianmarco"]
[Result "0-1"]
[ECO "E49"]
[WhiteElo "1758"]
[BlackElo "2389"]
[PlyCount "86"]
[EventDate "2024.09.05"]
[EventType "team-tourn"]
[EventCountry "HUN"]
[WhiteTeam "Qatar"]
[BlackTeam "Peru"]
[WhiteTeamCountry "QAT"]
[BlackTeamCountry "PER"]
[TimeControl "40/5400+30:1800+30"]

1. d4 Nf6 2. c4 e6 3. Nc3 Bb4 4. e3 O-O 5. Bd3 d5 6. a3 Bxc3+ 7. bxc3 dxc4 8. Bxc4 c5 9. Ne2 Qc7 10. Bd3 b6 11. O-O Bb7 12. f3 e5 13. e4 cxd4 14. cxd4 exd4 15. Ng3 Nc6 16. Bg5 Nd7 17. f4 f6 18. e5 Ndxe5 19. fxe5 fxg5 20. Qh5 g6 21. Bxg6 Nxe5 22. Be4 Bxe4 23. Nxe4 Qg7 24. Nxg5 Qg6 25. Rxf8+ Rxf8 26. Qxg6+ hxg6 27. Ne6 Rf7 28. Nxd4 Rd7 29. Ne2 Rd2 30. Nf4 g5 31. Ne6 g4 32. a4 Kf7 33. Nc7 Nd3 34. Nb5 Kg6 35. Nxa7 Nf4 36. Rf1 Kg5 37. Rf2 Rd1+ 38. Rf1 Rd4 39. Nc8 Nd5 40. Rb1 Nc3 41. Rxb6 Rxa4 42. Rb2 Ra1+ 43. Kf2 Nd1+ {0-} 0-1

[Event "45th FIDE Olympiad 2024"]
[Site "Budapest"]
[Date "2024.09.15"]
[Round "5.251"]
[White "Flores Quillas, Diego Saul Rodri"]
[Black "Al Qassabi, Mohammed"]
[Result "1-0"]
[ECO "C44"]
[WhiteElo "2451"]
[BlackElo "1521"]
[PlyCount "83"]
[EventDate "2024.09.05"]
[EventType "team-tourn"]
[EventCountry "HUN"]
[WhiteTeam "Peru"]
[BlackTeam "Qatar"]
[WhiteTeamCountry "PER"]
[BlackTeamCountry "QAT"]
[TimeControl "40/5400+30:1800+30"]

1. e4 e5 2. Nf3 Nc6 3. c3 Nf6 4. d4 exd4 5. e5 Nd5 6. Qb3 Nb6 7. cxd4 d6 8. Bb5 Be6 9. Bxc6+ bxc6 10. Qc2 Bd5 11. Nc3 Be7 12. Nxd5 cxd5 13. Bf4 dxe5 14. Nxe5 Bb4+ 15. Kf1 Qf6 16. Qc6+ Qxc6 17. Nxc6 Bd6 18. Bxd6 cxd6 19. Nb4 Kd7 20. Ke2 Rhe8+ 21. Kd3 Rac8 22. Rhe1 a5 23. Rxe8 Rxe8 24. Nc2 Rc8 25. a4 Rb8 26. b3 Nc8 27. Kc3 Ne7 28. b4 axb4+ 29. Nxb4 Rc8+ 30. Kb3 Nc6 31. Nxc6 Rxc6 32. a5 Ra6 33. Kb4 Ra8 34. a6 Rb8+ 35. Ka5 Ra8 36. Rb1 Ke7 37. Rb7+ Ke6 38. a7 Kf5 39. f3 Kf4 40. Re7 Rc8 41. Kb6 Ra8 42. Kb7 1-0

[Event "45th FIDE Olympiad 2024"]
[Site "Budapest"]
[Date "2024.09.15"]
[Round "5.252"]
[White "Al-Kuwari, Hamad"]
[Black "Delgado Romero, Marco"]
[Result "0-1"]
[ECO "B08"]
[WhiteElo "1574"]
[BlackElo "2390"]
[PlyCount "96"]
[EventDate "2024.09.05"]
[EventType "team-tourn"]
[EventCountry "HUN"]
[WhiteTeam "Qatar"]
[BlackTeam "Peru"]
[WhiteTeamCountry "QAT"]
[BlackTeamCountry "PER"]
[TimeControl "40/5400+30:1800+30"]

1. e4 g6 2. d4 Bg7 3. Nf3 d6 4. Bc4 Nf6 5. Nc3 O-O 6. O-O Bg4 7. h3 Bxf3 8. Qxf3 Nc6 9. Be3 e5 10. d5 Ne7 11. Bg5 Nd7 12. Qe3 f6 13. Bh4 a6 14. a4 Qe8 15. b4 h5 16. Ne2 Kh7 17. Qd3 a5 18. c3 Nb6 19. Bb3 c6 20. f4 cxd5 21. exd5 Nf5 22. Bf2 e4 23. Qd1 e3 24. Be1 Qe4 25. Qc2 Qxc2 26. Bxc2 Rfc8 27. b5 Rc5 28. Bxf5 gxf5 29. Nd4 Rxd5 30. Rf3 Re8 31. Kf1 Nc4 32. Ke2 Bh6 33. Kd3 Rc5 34. Nxf5 Nb2+ 35. Kc2 Rxf5 36. Kxb2 Rxf4 37. Rxf4 Bxf4 38. Kc2 Rg8 39. Kd3 Rxg2 40. Ke4 Bg5 41. Rd1 Rg1 42. Kf3 Bh4 43. Rxd6 Rxe1 44. Rd7+ Kg6 45. Rxb7 Bg5 46. Rc7 Rf1+ 47. Ke2 Rf2+ 48. Ke1 Rc2 {0-} 0-1

[Event "45th FIDE Olympiad 2024"]
[Site "Budapest"]
[Date "2024.09.15"]
[Round "5.253"]
[White "Murphy, Jones"]
[Black "Barbaria, Yacine"]
[Result "0-1"]
[ECO "B01"]
[WhiteElo "2021"]
[BlackElo "2179"]
[PlyCount "84"]
[EventDate "2024.09.05"]
[EventType "team-tourn"]
[EventCountry "HUN"]
[WhiteTeam "Dominica"]
[BlackTeam "Tunisia"]
[WhiteTeamCountry "DMA"]
[BlackTeamCountry "TUN"]
[TimeControl "40/5400+30:1800+30"]

1. e4 d5 2. exd5 Qxd5 3. Nc3 Qa5 4. d4 c6 5. Nf3 Nf6 6. Bc4 Bg4 7. Bd2 e6 8. h3 Bh5 9. g4 Bg6 10. Ne5 Nbd7 11. Nxg6 hxg6 12. Qf3 Bb4 13. O-O-O Nb6 14. Bb3 Nbd5 15. Ne4 Bxd2+ 16. Rxd2 Nxe4 17. Qxe4 O-O-O 18. c4 Nf6 19. Qf3 Qg5 20. Kc2 e5 21. Rhd1 e4 22. Qg2 Qf4 23. g5 Nh5 24. Re1 Rhe8 25. Kc3 e3 26. fxe3 Rxe3+ 27. Rxe3 Qxe3+ 28. Kc2 Rxd4 29. Rxd4 Qxd4 30. Qg4+ Qxg4 31. hxg4 Nf4 32. c5 f5 33. gxf6 gxf6 34. Kc3 Kd7 35. Bc4 Ke7 36. b4 Nd5+ 37. Bxd5 cxd5 38. Kd4 Ke6 39. b5 f5 40. gxf5+ gxf5 41. c6 bxc6 42. bxc6 f4 {0-} 0-1

[Event "45th FIDE Olympiad 2024"]
[Site "Budapest"]
[Date "2024.09.15"]
[Round "5.254"]
[White "Ben Ammar, Mohamed"]
[Black "Bridet, Robert"]
[Result "1-0"]
[ECO "E06"]
[WhiteElo "2143"]
[BlackElo "1697"]
[PlyCount "81"]
[EventDate "2024.09.05"]
[EventType "team-tourn"]
[EventCountry "HUN"]
[WhiteTeam "Tunisia"]
[BlackTeam "Dominica"]
[WhiteTeamCountry "TUN"]
[BlackTeamCountry "DMA"]
[TimeControl "40/5400+30:1800+30"]

1. d4 e6 2. Nf3 Nf6 3. g3 Nc6 4. Bg2 d5 5. O-O Be7 6. c4 O-O 7. b3 h6 8. Bb2 Na5 9. Bc3 c6 10. Ne5 Nd7 11. Nxd7 Bxd7 12. Qe1 b6 13. Nd2 Nb7 14. e4 dxe4 15. Qxe4 Nd6 16. Qc2 Rc8 17. Rad1 Bf6 18. Nf3 Qc7 19. Rfe1 a5 20. Qd2 Rfd8 21. h4 Nf5 22. Qc2 b5 23. Bh3 b4 24. Bb2 Qa7 25. Ne5 Ne7 26. Ng4 Be8 27. Nxf6+ gxf6 28. d5 cxd5 29. Bxf6 dxc4 30. Rxd8 Rxd8 31. bxc4 Rd6 32. h5 Qc5 33. Bxe7 Qd4 34. Bxd6 Qxd6 35. Bg2 a4 36. c5 Qa6 37. c6 b3 38. axb3 axb3 39. Qxb3 Bxc6 40. Qb8+ Kg7 41. Qd6 1-0

[Event "45th FIDE Olympiad 2024"]
[Site "Budapest"]
[Date "2024.09.15"]
[Round "5.255"]
[White "Francis, Nigel"]
[Black "Meftahi, Houssem"]
[Result "0-1"]
[ECO "B30"]
[WhiteElo "1775"]
[BlackElo "2112"]
[PlyCount "102"]
[EventDate "2024.09.05"]
[EventType "team-tourn"]
[EventCountry "HUN"]
[WhiteTeam "Dominica"]
[BlackTeam "Tunisia"]
[WhiteTeamCountry "DMA"]
[BlackTeamCountry "TUN"]
[TimeControl "40/5400+30:1800+30"]

1. e4 c5 2. Nf3 Nc6 3. Bb5 e6 4. Bxc6 bxc6 5. e5 f6 6. d3 fxe5 7. Nxe5 Qf6 8. Qe2 Ne7 9. Na3 Nf5 10. c3 Bd6 11. Nac4 Bc7 12. h4 g6 13. Ng4 Qg7 14. Bg5 O-O 15. h5 h6 16. Bd2 g5 17. O-O-O d6 18. Nce3 e5 19. Nc4 Ne7 20. Nge3 Be6 21. g3 Nd5 22. b3 a5 23. Nb2 Qf7 24. Rdf1 Qf3 25. Qxf3 Rxf3 26. Nc2 Raf8 27. Ne1 Rxf2 28. Rxf2 Rxf2 29. Nd1 Rf8 30. Ng2 Rf3 31. Nge3 Rxg3 32. Nxd5 Bxd5 33. Rf1 Rf3 34. Re1 Kg7 35. Ne3 Bf7 36. Rh1 Be6 37. Kd1 d5 38. Ke2 Rf8 39. Rg1 Ra8 40. Ng4 a4 41. b4 cxb4 42. cxb4 Bb6 43. Rg2 Bd4 44. Kd1 Rf8 45. Ke2 e4 46. dxe4 dxe4 47. Ne3 Bxa2 48. Rf2 Rxf2+ 49. Kxf2 Be6 50. Ke1 a3 51. Nc2 a2 {0-} 0-1